 Dungeon Crawl Stone Soup version 0.31.0-9-g3a7656b989 (webtiles) character file.

Game seed: 3804839276741232589

25013 qw the Markself (level 12, 0/76 HPs)
             Began as a Deep Elf Hunter on Feb 2, 2024.
             Was a High Priest of Okawaru.
             Slain by a seven-headed hydra (6 damage)
             ... on level 3 of the Lair of Beasts.
             The game lasted 00:01:29 (11294 turns).

qw the Markself (Deep Elf Hunter)                  Turns: 11294, Time: 00:01:30

Health: 0/76       AC: 17    Str: 10    XL:     12   Next: 85%
Magic:  20/21      EV: 16    Int: 18    God:    Okawaru [*****.]
Gold:   571        SH:  0    Dex: 24    Spells: 11/11 levels left

rFire   . . .        f - +3 orcbow
rCold   . . .        (shield currently unavailable)
rNeg    . . .        k - +4 scale mail of the Lute {Stlth+}
rPois   .            n - +0 helmet of the Minstrel {+Blink Regen+ Str-2 Slay+5}
rElec   .            (no cloak)
rCorr   .            d - +1 pair of gloves
SInv    .            b - +1 pair of boots "Gept" {Int+2}
Will    ++...        a - amulet of the acrobat
Stlth   ++           p - +6 ring of dexterity
HPRegen 1.12/turn    q - ring of willpower
MPRegen 0.17/turn

%: acrobat
@: about to teleport, finesse-ful, slowed, very slow
A: no striking features
a: Renounce Religion, Evoke Blink, Heroism, Finesse, Duel


You were on level 3 of the Lair of Beasts.
You worshipped Okawaru.
Okawaru was extremely pleased with you.
You visited 3 branches of the dungeon, and saw 15 of its levels.

You collected 981 gold pieces.
You spent 410 gold pieces at shops.


   Skills:
 + Level 9.0 Fighting
 - Level 16.2 Ranged Weapons
 - Level 6.0 Armour
 - Level 12.0 Dodging
 - Level 1.2 Stealth
 - Level 10.0 Invocations


You had 11 spell levels left.
You didn't know any spells.
Your spell library was empty.

Inventory:

Hand Weapons
 f - a +3 orcbow (weapon)
Armour
 b - the +1 pair of boots "Gept" (worn) {Int+2}
   (You found it on level 2 of the Dungeon)

   Int+2:     It affects your intelligence (+2).
 d - a +1 pair of gloves (worn)
 k - the +4 scale mail of the Lute (worn) {Stlth+}
   (You found it on level 8 of the Dungeon)

   Stlth+:    It makes you more stealthy.
 n - the +0 helmet of the Minstrel (worn) {+Blink Regen+ Str-2 Slay+5}
   (You took it off Robin on level 3 of the Dungeon)

   Str-2:     It affects your strength (-2).
   Slay+5:    It affects your accuracy & damage with ranged weapons and melee
   (+5).
   +Blink:    It lets you blink.
   Regen+:    It increases your rate of health regeneration.
Jewellery
 a - an amulet of the acrobat (around neck)
 o - a ring of ice
 p - a +6 ring of dexterity (left hand)
 q - a ring of willpower (right hand)
 w - a +6 ring of strength
Wands
 e - a wand of roots (3)
 g - a wand of charming (7)
 s - a wand of polymorph (5)
 t - a wand of mindburst (9)
 v - a wand of digging (3)
Scrolls
 c - 5 scrolls of teleportation
 h - 6 scrolls of identify
Potions
 i - 6 potions of enlightenment
 j - 3 potions of might
 l - 5 potions of curing
 m - a potion of mutation
 r - a potion of resistance
 u - 3 potions of haste

Dungeon Overview and Level Annotations

Branches:
Dungeon (11/15)            Temple (1/1) D:5            Lair (3/5) D:11
 Shoals (0/4) Lair:3          Orc (0/2) D:10
  Snake: Lair:2-3    Spider: Lair:2-3

Altars:
Ashenzari
Cheibriados
Dithmenos
Elyvilon
Fedhas
Gozag
Hepliaklqana
Kikubaaqudgha
Makhleb
Nemelex Xobeh
Okawaru
Qazlal
Ru
Sif Muna
Trog
Uskayaw
Vehumet
Wu Jian
Xom
Yredelemnul
Zin
The Shining One

Shops:
D:4 :

Annotations:
D:9 1 runed translucent door, qw's ghost, novice GrHu


Message History

Enter note:
Enter note:
Enter note:
Enter note:
Enter note:
11292 ||| RETREEEEATING.
The seven-headed hydra attacks as it pursues you!
The seven-headed hydra bites you! The seven-headed hydra bites you.
The seven-headed hydra misses you.
The seven-headed hydra completely misses you.
The seven-headed hydra bites you.
The seven-headed hydra barely misses you.
The seven-headed hydra completely misses you.
The yak attacks as it pursues you! The yak closely misses you.
The komodo dragon bites you.
Enter note:
Enter note:
Enter note:
Enter note:
Enter note:
Enter note:
11293 ||| RETREEEEATING.
The seven-headed hydra attacks as it pursues you!
The seven-headed hydra bites you but does no damage.
The seven-headed hydra barely misses you.
The seven-headed hydra closely misses you.
The seven-headed hydra bites you!
The seven-headed hydra completely misses you. x2
The seven-headed hydra barely misses you.
The seven-headed hydra misses you.
The seven-headed hydra closely misses you.
The seven-headed hydra bites you. The seven-headed hydra misses you.
The seven-headed hydra completely misses you. x2
The seven-headed hydra bites you but does no damage.
11294 ||| READING 6 scrolls of teleportation.
As you read the scroll of teleportation, it crumbles to dust.
You feel strangely unstable. The rime drake closely misses you.
The seven-headed hydra bites you! The seven-headed hydra bites you.
You die...

.# ......#........#.#.# #...# ##
.P...#......w....# #<... .#####.#
#.......####~..## #..#.
.....#.###...#...## ##...# #..#.
.................~####...# #....
.............#.w..........###....
......)......%..Y........###.....
#'####..P...%#l#D#####.### .#....
#.#.#.###......k@........ #...#.
P.%....#........P..#.....###..)##
......>##....##....###...##....##
.......'....##......##...##....#.
#......P#..........#.#...##......
.......##....##....##....##.#.###
###...###...##....##.....##.####.
##.#.#....##....#.##...........
..........##.....##............


You could see a seven-headed hydra, a torpor snail, a komodo dragon, a yak and a
rime drake.

Vanquished Creatures
  2 skysharks
  A manticore (D:9)
  A merfolk siren (Lair:3)
  4 black mambas
  A torpor snail (Lair:2)
  Maggie (D:7)
  6 gargoyles (D:9)
  2 cane toads
  5 komodo dragons
  2 unseen horrors
  2 polar bears (Lair:1)
  3 merfolk (Lair:3)
  2 trolls
  A hornet (D:11)
  12 blink frogs
  4 dream sheep (Lair:2)
  2 vampires
  2 spriggans (Lair:2)
  2 wraiths
  4 wyverns
  25 yaks
  2 steam dragons
  3 basilisks
  15 water moccasins
  Duvessa (D:5)
  A sky beast (D:6)
  An orc warrior (D:9)
  4 black bears
  An ogre (D:5)
  16 wolves
  2 centaurs
  4 kobold brigands
  11 bullfrogs
  2 scorpions (D:5)
  5 wights (D:8)
  Dowan (D:5)
  8 killer bees
  4 howler monkeys
  2 bombardier beetles (D:5)
  10 orc priests
  3 hounds
  An iguana (D:6)
  2 sleepcaps
  Ijyb (D:3)
  Natasha (thrice) (D:3)
  Terence (D:2)
  13 orc wizards
  Robin (D:3)
  7 gnolls
  7 adders
  A shadow imp (D:8)
  3 white imps
  2 dart slugs
  A ribbon worm (D:5)
  45 orcs
  2 ball pythons
  4 bats
  3 endoplasms
  3 giant cockroaches
  10 goblins
  9 hobgoblins
  6 jackals
  2 quokkas
  2 frilled lizards (D:2)
  25 kobolds
  3 rats
337 creatures vanquished.

Notes
Turn   | Place    | Note
-------+----------+-------------------------------------------
     0 | D:1      | qw the Deep Elf Hunter began the quest for the Orb.
     0 | D:1      | Reached XP level 1. HP: 12/12 MP: 3/3
     0 | D:1      | 0 ||| qw: Version: 0.3-a-155-g5e7d8dd
     0 | D:1      | 0 ||| qw: Game counter: 2083
     0 | D:1      | 0 ||| qw: Melee chars always use a shield: true
     0 | D:1      | 0 ||| qw: God list: Okawaru
     0 | D:1      | 0 ||| qw: Allow faded altars: false
     0 | D:1      | 0 ||| qw: Do Orc after clearing Dungeon:15 true
     0 | D:1      | 0 ||| qw: Do second Lair branch before Depths: true
     0 | D:1      | 0 ||| qw: Lair rune preference: random
     0 | D:1      | 0 ||| qw: Goals: Normal
     0 | D:1      | 0 ||| PLANNING D:1-11
   428 | D:1      | Reached XP level 2. HP: 16/16 MP: 4/4
   649 | D:1      | Reached skill level 6 in Ranged Weapons
   740 | D:1      | Found a faded altar of an unknown god.
   770 | D:1      | 770 ||| UPGRADING to +0 ring mail.
   780 | D:1      | 780 ||| DROPPING +0 leather armour.
   781 | D:1      | 781 ||| READING 4 scrolls labelled CEHUMNOARE.
   781 | D:1      | 781 ||| IDENTIFYING green potion
   782 | D:1      | 782 ||| READING 3 scrolls of identify.
   782 | D:1      | 782 ||| IDENTIFYING bubbling ruby potion
   783 | D:1      | 783 ||| READING 2 scrolls of identify.
   783 | D:1      | 783 ||| IDENTIFYING scroll labelled CIFOOZ FIPLALA
   784 | D:1      | 784 ||| READING scroll of identify.
   784 | D:1      | 784 ||| IDENTIFYING scroll labelled WUGYCUS TANN
   785 | D:1      | 785 ||| READING scroll of enchant armour.
   785 | D:1      | 785 ||| ENCHANTING +0 ring mail.
   786 | D:1      | 786 ||| READING scroll labelled FUSCHE GEOSAMYM.
   787 | D:1      | 787 ||| DROPPING scroll of butterflies.
   788 | D:1      | 788 ||| DROPPING scroll of torment.
   789 | D:1      | 789 ||| DROPPING potion of brilliance.
   817 | D:2      | 817 ||| STAIRDANCE
   860 | D:2      | Identified the +1 pair of boots "Gept" {Int+2}
   880 | D:2      | Reached XP level 3. HP: 20/20 MP: 5/5
   979 | D:2      | Noticed Terence
   991 | D:2      | Killed Terence
   992 | D:2      | Reached skill level 7 in Ranged Weapons
  1001 | D:2      | 1001 ||| FLEEEEING.
  1002 | D:2      | 1002 ||| FLEEEEING.
  1103 | D:2      | Reached XP level 4. HP: 8/25 MP: 6/6
  1103 | D:2      | HP: 5/25 [orc priest/+0 flail (3)]
  1110 | D:2      | 1110 ||| FLEEEEING.
  1230 | D:2      | Reached skill level 8 in Ranged Weapons
  1334 | D:2      | Reached XP level 5. HP: 29/29 MP: 7/7
  1386 | D:2      | 1386 ||| UPGRADING to +1 pair of boots "Gept" {Int+2}.
  1391 | D:2      | 1391 ||| UPGRADING to +0 pair of gloves.
  1396 | D:2      | 1396 ||| UPGRADING to +0 helmet.
  1401 | D:2      | 1401 ||| READING scroll of identify.
  1401 | D:2      | 1401 ||| IDENTIFYING fizzy golden potion
  1402 | D:2      | 1402 ||| READING scroll labelled ZUIRIAW SOTECU.
  1403 | D:2      | 1403 ||| DRINKING 2 lumpy blue potions.
  1553 | D:3      | 1553 ||| READING scroll of enchant armour.
  1553 | D:3      | 1553 ||| ENCHANTING +0 pair of gloves.
  1556 | D:3      | Noticed Natasha
  1564 | D:3      | Killed Natasha
  1565 | D:3      | Reached skill level 1 in Armour
  1622 | D:3      | Noticed Ijyb
  1632 | D:3      | HP: 1/29 [Ijyb/puff of flame (11)]
  1633 | D:3      | 1633 ||| DRINKING potion of heal wounds.
  1638 | D:3      | Killed Ijyb
  1685 | D:3      | Identified the +0 helmet of the Minstrel {+Blink Regen+
                  | Str-2 Slay+5}
  1685 | D:3      | Noticed Robin
  1689 | D:3      | Killed Robin
  1690 | D:3      | Reached skill level 9 in Ranged Weapons
  1717 | D:3      | Noticed Natasha
  1721 | D:3      | Killed Natasha
  1792 | D:3      | Found a burning altar of Makhleb.
  1846 | D:3      | Found a snail-covered altar of Cheibriados.
  1881 | D:3      | Reached XP level 6. HP: 35/35 MP: 8/8
  1938 | D:3      | Noticed Natasha
  1941 | D:3      | 1941 ||| DRINKING potion of haste.
  1947 | D:3      | Killed Natasha
  2123 | D:3      | Found a sacrificial altar of Ru.
  2132 | D:3      | 2132 ||| UPGRADING to +2 leather armour of cold resistance.
  2142 | D:3      | 2142 ||| UPGRADING to +0 helmet of the Minstrel {+Blink
                  | Regen+ Str-2 Slay+5}.
  2152 | D:3      | 2152 ||| DROPPING +0 helmet.
  2153 | D:3      | 2153 ||| UPGRADING to +6 ring of dexterity.
  2154 | D:3      | 2154 ||| UPGRADING to ring of willpower.
  2155 | D:3      | 2155 ||| READING 2 scrolls labelled DERHUO HOSET.
  2158 | D:3      | 2158 ||| READING scroll labelled BYERRO PEVO.
  2159 | D:3      | 2159 ||| READING scroll labelled UMIGIABLAT.
  2290 | D:4      | 2290 ||| STAIRDANCE
  2301 | D:3      | Reached skill level 3 in Dodging
  2303 | D:4      | 2303 ||| STAIRDANCE
  2320 | D:4      | 2320 ||| STAIRDANCE
  2328 | D:4      | 2328 ||| STAIRDANCE
  2556 | D:4      | Found Eqay's Book Shop.
  2672 | D:4      | Reached XP level 7. HP: 40/40 MP: 9/9
  2685 | D:4      | 2685 ||| READING 2 scrolls of identify.
  2685 | D:4      | 2685 ||| IDENTIFYING bubbling black potion
  2686 | D:4      | 2686 ||| READING scroll of identify.
  2686 | D:4      | 2686 ||| IDENTIFYING red potion
  2687 | D:4      | 2687 ||| DRINKING 2 orange potions.
  2688 | D:4      | 2688 ||| DRINKING 2 lumpy sapphire potions.
  2689 | D:4      | 2689 ||| DROPPING potion of degeneration.
  2690 | D:4      | 2690 ||| DROPPING potion of attraction.
  2703 | D:5      | Entered Level 5 of the Dungeon
  2711 | D:5      | Noticed Duvessa
  2714 | D:5      | Noticed Dowan
  2724 | D:5      | Killed Duvessa
  2725 | D:5      | Reached skill level 10 in Ranged Weapons
  2728 | D:5      | Killed Dowan
  2787 | D:5      | Reached skill level 11 in Ranged Weapons
  2867 | D:5      | Found a staircase to the Ecumenical Temple.
  2868 | D:5      | 2868 ||| PLANNING TEMPLE
  2868 | D:5      | 2868 ||| DROPPING ring of flight.
  2874 | Temple   | Entered the Ecumenical Temple
  2875 | Temple   | 2875 ||| PLANNING OKAWARU WORSHIP
  2883 | Temple   | Became a worshipper of Warmaster Okawaru
  2884 | Temple   | 2884 ||| PLANNING D:1-11
  2971 | D:5      | 2971 ||| DRINKING 2 potions of haste.
  2976 | D:5      | Reached XP level 8. HP: 41/44 MP: 10/10
  3154 | D:5      | Reached skill level 12 in Ranged Weapons
  3225 | D:5      | Reached skill level 3 in Fighting
  3385 | D:5      | 3385 ||| UPGRADING to +1 leather armour of poison
                  | resistance.
  3395 | D:5      | 3395 ||| READING scroll of identify.
  3395 | D:5      | 3395 ||| IDENTIFYING scroll labelled WAREVA FOITZIA
  3396 | D:5      | 3396 ||| DROPPING scroll of immolation.
  3557 | D:6      | Reached skill level 6 in Dodging
  3569 | D:6      | Found a glowing golden altar of the Shining One.
  3571 | D:6      | Found a sparkling altar of Nemelex Xobeh.
  3697 | D:6      | Reached * piety under Okawaru
  3912 | D:6      | Found a hide-covered altar of Uskayaw.
  3927 | D:6      | Reached skill level 1 in Invocations
  4012 | D:6      | 4012 ||| READING scroll of identify.
  4012 | D:6      | 4012 ||| IDENTIFYING scroll labelled JUEDDA RITIQEM
  4013 | D:6      | 4013 ||| DROPPING scroll of noise.
  4166 | D:7      | Noticed Maggie
  4167 | D:7      | 4167 ||| INVOKING Heroism.
  4181 | D:7      | Killed Maggie
  4182 | D:7      | Reached skill level 13 in Ranged Weapons
  4427 | D:7      | Reached XP level 9. HP: 50/50 MP: 12/12
  4544 | D:7      | Found a shadowy altar of Dithmenos.
  4765 | D:7      | 4765 ||| DROPPING wand of flame (13).
  4828 | D:8      | 4828 ||| RETREEEEATING.
  4829 | D:8      | 4829 ||| RETREEEEATING.
  4830 | D:8      | 4830 ||| RETREEEEATING.
  4831 | D:8      | 4831 ||| RETREEEEATING.
  4832 | D:8      | 4832 ||| INVOKING Heroism.
  4833 | D:8      | 4833 ||| DRINKING potion of haste.
  4837 | D:8      | Reached skill level 3 in Invocations
  4856 | D:8      | Reached skill level 14 in Ranged Weapons
  4929 | D:8      | 4929 ||| SWAPPING to +0 orcbow.
  4930 | D:8      | 4930 ||| DROPPING +0 shortbow.
  4965 | D:8      | Identified the +4 scale mail of the Lute {Stlth+}
  4972 | D:8      | Found a hazy altar of Hepliaklqana.
  5090 | D:8      | Found an ancient bone altar of Kikubaaqudgha.
  5100 | D:8      | 5100 ||| INVOKING Heroism.
  5518 | D:8      | 5518 ||| DROPPING +2 leather armour of cold resistance.
  5519 | D:8      | 5519 ||| DROPPING +1 ring mail.
  5520 | D:8      | 5520 ||| UPGRADING to +4 scale mail of the Lute {Stlth+}.
  5530 | D:8      | 5530 ||| DROPPING +1 leather armour of poison resistance.
  5531 | D:8      | 5531 ||| READING scroll labelled KAUTA WY TURGHE.
  5531 | D:8      | 5531 ||| ENCHANTING +0 orcbow.
  5532 | D:8      | 5532 ||| READING 2 scrolls labelled EJILAA QEOMUS.
  5533 | D:8      | 5533 ||| READING scroll labelled GOIC ELINEYJETORR.
  5634 | D:8      | 5634 ||| DROPPING scroll of amnesia.
  5662 | D:9      | 5662 ||| STAIRDANCE
  5864 | D:9      | Noticed a troll
  5865 | D:9      | 5865 ||| INVOKING Heroism.
  5872 | D:9      | Killed a troll
  5873 | D:9      | Reached skill level 15 in Ranged Weapons
  5970 | D:9      | Found a runed translucent door.
  5970 | D:9      | Found a shimmering altar of Xom.
  5970 | D:9      | Noticed qw's ghost (novice GrHu)
  6233 | D:9      | 6233 ||| RETREEEEATING.
  6236 | D:9      | 6236 ||| RETREEEEATING.
  6246 | D:9      | Reached ** piety under Okawaru
  6252 | D:9      | Reached XP level 10. HP: 56/56 MP: 15/15
  6383 | D:9      | Noticed a manticore
  6384 | D:9      | 6384 ||| INVOKING Heroism.
  6392 | D:9      | Killed a manticore
  6393 | D:9      | Reached skill level 16 in Ranged Weapons
  6533 | D:9      | Noticed a gargoyle
  6534 | D:9      | 6534 ||| INVOKING Heroism.
  6535 | D:9      | 6535 ||| DRINKING potion of haste.
  6541 | D:9      | Killed a gargoyle
  6542 | D:9      | Reached skill level 3 in Armour
  6557 | D:9      | Noticed a gargoyle
  6564 | D:9      | Killed a gargoyle
  6570 | D:9      | Noticed a gargoyle
  6578 | D:9      | Killed a gargoyle
  6578 | D:9      | Reached *** piety under Okawaru
  6590 | D:9      | Noticed a gargoyle
  6594 | D:9      | 6594 ||| INVOKING Heroism.
  6597 | D:9      | Killed a gargoyle
  6620 | D:9      | Noticed a gargoyle
  6621 | D:9      | 6621 ||| INVOKING Heroism.
  6627 | D:9      | Killed a gargoyle
  6628 | D:9      | Reached skill level 6 in Fighting
  6653 | D:9      | Noticed a gargoyle
  6654 | D:9      | 6654 ||| INVOKING Heroism.
  6660 | D:9      | Killed a gargoyle
  6686 | D:9      | Noticed a +1 mace of chaos
  6838 | D:9      | 6838 ||| READING 3 scrolls of identify.
  6838 | D:9      | 6838 ||| IDENTIFYING scroll labelled PAOD YTUISSELU
  6839 | D:9      | 6839 ||| DROPPING scroll of poison.
  6861 | D:10     | Entered Level 10 of the Dungeon
  7229 | D:10     | Found a staircase to the Orcish Mines.
  7237 | D:10     | Found Fetal's Distillery.
  7246 | D:10     | 7246 ||| BUYING potion of curing (30 gold).
  7246 | D:10     | Bought a potion of curing for 30 gold pieces
  7246 | D:10     | 7246 ||| BUYING potion of curing (30 gold).
  7246 | D:10     | Bought a potion of curing for 30 gold pieces
  7246 | D:10     | 7246 ||| BUYING potion of curing (30 gold).
  7246 | D:10     | Bought a potion of curing for 30 gold pieces
  7246 | D:10     | 7246 ||| BUYING potion of enlightenment (50 gold).
  7246 | D:10     | Bought a potion of enlightenment for 50 gold pieces
  7246 | D:10     | 7246 ||| BUYING potion of heal wounds (50 gold).
  7246 | D:10     | Bought a potion of heal wounds for 50 gold pieces
  7246 | D:10     | 7246 ||| BUYING potion of might (40 gold).
  7246 | D:10     | Bought a potion of might for 40 gold pieces
  7246 | D:10     | 7246 ||| BUYING potion of mutation (80 gold).
  7246 | D:10     | Bought a potion of mutation for 80 gold pieces
  7246 | D:10     | 7246 ||| BUYING potion of resistance (100 gold).
  7246 | D:10     | Bought a potion of resistance for 100 gold pieces
  7291 | D:10     | 7291 ||| Stepping randomly (disturbance).
  7347 | D:10     | 7347 ||| INVOKING Heroism.
  7348 | D:10     | 7348 ||| DRINKING potion of haste.
  7357 | D:10     | Reached skill level 9 in Dodging
  7567 | D:10     | 7567 ||| INVOKING Heroism.
  7569 | D:10     | Reached XP level 11. HP: 54/64 MP: 13/16
  7642 | D:11     | Found a staircase to the Lair.
  7684 | D:11     | 7684 ||| Stepping randomly (disturbance).
  7685 | D:11     | 7685 ||| Stepping randomly (disturbance).
  7687 | D:11     | 7687 ||| Stepping randomly (disturbance).
  7688 | D:11     | 7688 ||| Stepping randomly (disturbance).
  7917 | D:11     | Reached **** piety under Okawaru
  8000 | D:11     | 8000 ||| INVOKING Finesse.
  8006 | D:11     | 8006 ||| INVOKING Finesse.
  8391 | D:11     | 8391 ||| PLANNING LAIR
  8391 | D:11     | 8391 ||| UPGRADING to amulet of the acrobat.
  8450 | Lair:1   | Entered Level 1 of the Lair of Beasts
  8483 | Lair:1   | 8483 ||| INVOKING Finesse.
  8484 | Lair:1   | 8484 ||| INVOKING Heroism.
  8561 | Lair:1   | 8561 ||| RETREEEEATING.
  8564 | Lair:1   | 8564 ||| RETREEEEATING.
  8628 | Lair:1   | 8628 ||| RETREEEEATING.
  8630 | Lair:1   | 8630 ||| RETREEEEATING.
  8698 | Lair:1   | 8698 ||| RETREEEEATING.
  8699 | Lair:1   | 8699 ||| RETREEEEATING.
  8700 | Lair:1   | 8700 ||| RETREEEEATING.
  8702 | Lair:1   | 8702 ||| RETREEEEATING.
  8703 | Lair:1   | 8703 ||| RETREEEEATING.
  8705 | Lair:1   | 8705 ||| RETREEEEATING.
  8707 | Lair:1   | 8707 ||| RETREEEEATING.
  8722 | Lair:1   | Reached skill level 6 in Invocations
  8777 | Lair:1   | 8777 ||| RETREEEEATING.
  8778 | Lair:1   | 8778 ||| RETREEEEATING.
  8779 | Lair:1   | 8779 ||| RETREEEEATING.
  8780 | Lair:1   | 8780 ||| RETREEEEATING.
  8785 | Lair:1   | 8785 ||| RETREEEEATING.
  8786 | Lair:1   | 8786 ||| RETREEEEATING.
  8787 | Lair:1   | 8787 ||| RETREEEEATING.
  8788 | Lair:1   | 8788 ||| RETREEEEATING.
  8789 | Lair:1   | 8789 ||| RETREEEEATING.
  8790 | Lair:1   | 8790 ||| RETREEEEATING.
  8800 | Lair:1   | Reached ***** piety under Okawaru
  9103 | Lair:1   | 9103 ||| RETREEEEATING.
  9104 | Lair:1   | 9104 ||| RETREEEEATING.
  9107 | Lair:1   | 9107 ||| RETREEEEATING.
  9108 | Lair:1   | 9108 ||| RETREEEEATING.
  9109 | Lair:1   | 9109 ||| RETREEEEATING.
  9110 | Lair:1   | 9110 ||| RETREEEEATING.
  9111 | Lair:1   | 9111 ||| RETREEEEATING.
  9112 | Lair:1   | 9112 ||| RETREEEEATING.
  9113 | Lair:1   | 9113 ||| RETREEEEATING.
  9114 | Lair:1   | 9114 ||| RETREEEEATING.
  9115 | Lair:1   | 9115 ||| RETREEEEATING.
  9120 | Lair:1   | 9120 ||| RETREEEEATING.
  9121 | Lair:1   | 9121 ||| RETREEEEATING.
  9150 | Lair:1   | Reached XP level 12. HP: 73/73 MP: 19/19
  9232 | Lair:1   | 9232 ||| READING scroll of enchant weapon.
  9232 | Lair:1   | 9232 ||| ENCHANTING +1 orcbow.
  9526 | Lair:1   | 9526 ||| READING 7 scrolls of identify.
  9526 | Lair:1   | 9526 ||| IDENTIFYING glowing cyan potion
  9527 | Lair:1   | 9527 ||| DROPPING potion of lignification.
  9556 | Lair:2   | 9556 ||| STAIRDANCE
  9589 | Lair:2   | 9589 ||| STAIRDANCE
  9592 | Lair:1   | 9592 ||| INVOKING Finesse.
  9680 | Lair:2   | Received a gift from Okawaru
  9739 | Lair:2   | 9739 ||| INVOKING Finesse.
  9740 | Lair:2   | 9740 ||| INVOKING Heroism.
  9748 | Lair:2   | HP: 12/75 [skyshark (7)]
  9749 | Lair:2   | 9749 ||| READING 6 scrolls of teleportation.
  9750 | Lair:2   | 9750 ||| DRINKING 2 potions of heal wounds.
  9753 | Lair:2   | HP: 15/75 [skyshark (6)]
  9754 | Lair:2   | 9754 ||| DRINKING potion of heal wounds.
 10013 | Lair:2   | 10013 ||| INVOKING Finesse.
 10016 | Lair:2   | Reached skill level 9 in Invocations
 10169 | Lair:2   | 10169 ||| INVOKING Finesse.
 10183 | Lair:2   | Reached skill level 9 in Fighting
 10220 | Lair:2   | 10220 ||| RETREEEEATING.
 10221 | Lair:2   | 10221 ||| RETREEEEATING.
 10222 | Lair:2   | 10222 ||| RETREEEEATING.
 10223 | Lair:2   | 10223 ||| RETREEEEATING.
 10224 | Lair:2   | 10224 ||| RETREEEEATING.
 10227 | Lair:2   | 10227 ||| RETREEEEATING.
 10228 | Lair:2   | 10228 ||| RETREEEEATING.
 10229 | Lair:2   | 10229 ||| RETREEEEATING.
 10230 | Lair:2   | 10230 ||| RETREEEEATING.
 10232 | Lair:2   | 10232 ||| RETREEEEATING.
 10233 | Lair:2   | 10233 ||| RETREEEEATING.
 10234 | Lair:2   | 10234 ||| RETREEEEATING.
 10238 | Lair:2   | 10238 ||| RETREEEEATING.
 10239 | Lair:2   | 10239 ||| RETREEEEATING.
 10240 | Lair:2   | 10240 ||| RETREEEEATING.
 10241 | Lair:2   | 10241 ||| RETREEEEATING.
 10242 | Lair:2   | 10242 ||| RETREEEEATING.
 10243 | Lair:2   | 10243 ||| RETREEEEATING.
 10244 | Lair:2   | 10244 ||| RETREEEEATING.
 10245 | Lair:2   | 10245 ||| RETREEEEATING.
 10246 | Lair:2   | 10246 ||| RETREEEEATING.
 10247 | Lair:2   | 10247 ||| RETREEEEATING.
 10249 | Lair:2   | 10249 ||| RETREEEEATING.
 10250 | Lair:2   | 10250 ||| RETREEEEATING.
 10251 | Lair:2   | 10251 ||| RETREEEEATING.
 10547 | Lair:2   | 10547 ||| READING scroll of enchant weapon.
 10547 | Lair:2   | 10547 ||| ENCHANTING +2 orcbow.
 10824 | Lair:3   | Found a staircase to the Shoals.
 10847 | Lair:3   | HP: 19/76 [merfolk/+0 trident (14)]
 10848 | Lair:3   | 10848 ||| READING 6 scrolls of teleportation.
 10849 | Lair:3   | HP: 4/76 [merfolk/+0 trident (8)]
 11043 | Lair:3   | Reached skill level 6 in Armour
 11263 | Lair:3   | Reached skill level 12 in Dodging
 11274 | Lair:3   | Noticed a seven-headed hydra
 11275 | Lair:3   | 11275 ||| INVOKING Finesse.
 11281 | Lair:3   | 11281 ||| RETREEEEATING.
 11282 | Lair:3   | 11282 ||| RETREEEEATING.
 11283 | Lair:3   | 11283 ||| RETREEEEATING.
 11284 | Lair:3   | 11284 ||| RETREEEEATING.
 11285 | Lair:3   | 11285 ||| RETREEEEATING.
 11286 | Lair:3   | 11286 ||| RETREEEEATING.
 11287 | Lair:3   | 11287 ||| RETREEEEATING.
 11289 | Lair:3   | 11289 ||| RETREEEEATING.
 11290 | Lair:3   | 11290 ||| RETREEEEATING.
 11291 | Lair:3   | 11291 ||| RETREEEEATING.
 11292 | Lair:3   | 11292 ||| RETREEEEATING.
 11293 | Lair:3   | 11293 ||| RETREEEEATING.
 11293 | Lair:3   | HP: 18/76 [seven-headed hydra (10)]
 11294 | Lair:3   | 11294 ||| READING 6 scrolls of teleportation.
 11294 | Lair:3   | HP: 6/76 [seven-headed hydra (12)]
 11294 | Lair:3   | Slain by a seven-headed hydra

Levels and vault maps discovered:
D:1:      dpeg_arrival_prison, layout_basic,
          shapermc_ecumenical_altar_hornbeckon
D:2:      layout_rooms, guppyfry_early_lair_pool, uniq_terence
D:3:      layout_rooms, chei_slow_surprise, lightli_temple_of_fire,
          nicolae_ru_path_of_blood, uniq_ijyb, uniq_robin, uniq_natasha
D:4:      layout_rooms, serial_shops, nicolae_shop_real_fake_doors
D:5:      layout_basic, minmay_temple_entry_wispy, grunt_ministairs_4,
          grunt_decor_mini_mirrors, uniq_duvessa
D:6:      layout_loops_ring, mainiacjoe_overflow_catwalk_spiral,
          mainiacjoe_overflow_cross_hatched
D:7:      layout_basic, kennysheep_mini_moat, uniq_maggie
D:8:      layout_rooms, kiku_gazebo_pond_becter, old_standard_altar
D:9:      cheibrodos_statue_roulette, layout_loops_corners, ebering_ghost_xom,
          kennysheep_generic_room_16
D:10:     layout_layer_cave, minmay_orc_entry_temple_small, serial_shops, shop
D:11:     layout_irregular_city, lair_entry_dummy
Temple:   cyrus_circular_temple
Lair:1:   layout_cave_pods, infiniplex_staircase_pool, grunt_megastairs_3
Lair:2:   wad_woods_tower, layout_cellular_growth, lemuel_fruit_tree
Lair:3:   layout_regular_city, elwin_shoals_entry_stream,
          nicolae_spider_entry_tight_spaces, hangedman_lair_generics_rect

Skill      XL: |  1  2  3  4  5  6  7  8  9 10 11 12 |
---------------+-------------------------------------+-----
Ranged Weapons | 6 7 8 9 11 13 15 16 | 16.2
Armour         | 1 2 4 5 6 |  6.0
Fighting       | 2 3 4 6 8 9 |  9.0
Dodging        | 4 5 6 7 9 10 12 | 12.0
Invocations    | 2 4 7 10 | 10.0
Stealth        | |  1.2

Action                     |  1- 3 |  4- 6 |  7- 9 | 10-12 || total
---------------------------+-------+-------+-------+-------++-------
   Fire: Shortbow          |    99 |   148 |   243 |       ||   490
         Orcbow            |       |       |   100 |   709 ||   809
 Invoke: Heroism           |       |       |     4 |     9 ||    13
         Finesse           |       |       |       |     7 ||     7
    Use: Scroll            |     6 |     6 |     7 |     7 ||    26
         Potion            |       |     3 |     4 |     4 ||    11
 Armour: Leather armour    |     8 |    24 |    44 |       ||    76
         Ring mail         |    37 |    28 |       |       ||    65
         Scale mail        |       |       |    15 |   306 ||   321
  Dodge: Dodged            |    33 |    41 |    81 |   320 ||   475

Table legend:
 A = Non-vault XP
 B = Vault XP
 C = Vault XP percentage of total XP
 D = Non-vault monster count
 E = Vault monster count
 F = Vault count percentage of total count
                 A         B        C        D         E       F
            +---------+---------+-------+---------+---------+-------
      Total |   28666 |    7067 |  19.8 |     293 |      44 |  13.1
            +---------+---------+-------+---------+---------+-------
        D:1 |      18 |       0 |   0.0 |      10 |       0 |   0.0
        D:2 |     162 |      36 |  18.2 |      26 |       1 |   3.7
        D:3 |     197 |      99 |  33.4 |      18 |       9 |  33.3
        D:4 |     274 |       0 |   0.0 |      13 |       0 |   0.0
        D:5 |     703 |     233 |  24.9 |      24 |       4 |  14.3
        D:6 |     431 |       0 |   0.0 |       9 |       0 |   0.0
        D:7 |     303 |     424 |  58.3 |      11 |       1 |   8.3
        D:8 |    1749 |       0 |   0.0 |      37 |       0 |   0.0
        D:9 |    2463 |    2646 |  51.8 |      24 |       7 |  22.6
       D:10 |    1179 |     136 |  10.3 |      20 |       8 |  28.6
       D:11 |    2845 |       0 |   0.0 |      18 |       0 |   0.0
     Lair:1 |    8318 |     196 |   2.3 |      40 |       1 |   2.4
     Lair:2 |    7284 |     901 |  11.0 |      34 |       6 |  15.0
     Lair:3 |    2740 |    2396 |  46.7 |       9 |       7 |  43.8
            +---------+---------+-------+---------+---------+-------
